Workbook

Sheet COVER
M3: TRANSMISSION REAL ESTATE GENERAL BUILDING MAINTENANCE
B19: *Where the word "Bill Of Quantities" is used it shall mean Price Schedule
B22: TENDER NUMBER | H22: :
B25: CONTRACTOR | H25: :
B28: TENDER OFFER | H28: : | I28: Not applicable
B29: (Excluding VAT) | I29: (Contract is rates based)
B32: AUTHORISED SIGNATORY NAME | H32: :
B35: DESIGNATION | H35: : | I35: SERVICE MANAGER
B38: AUTHORISED SIGNATURE | H38: :
B41: DATE | H41: :

Sheet FINAL SUMMARY 
C1: TRANSMISSION REAL ESTATE
A4: TRANSMISSION REAL ESTATE GENERAL BUILDING MAINTENANCE (NORTH-EAST GRID-) - PRICE SCHEDULE*
A7: BILL NO. | B7: GENERAL MAINTENANCE | D7: TOTAL RATES (Rate Based)
A9: SECTION 1 | B9: PRELIMINARY AND GENERAL | D9: ='P&Gs'!F59 -> 0
A11: SECTION 2 | B11: BUILDING WORKS | D11: 0
A13: BILL NO.1 | B13: ALTERATIONS | D13: ='Building Works'!F352 -> 0
A15: BILL NO.2 | B15: EARTHWORKS | D15: ='Building Works'!F435 -> 0
A17: BILL NO.3 | B17: CONCRETE, FORMWORK AND REINFORCEMENT (PROVISIONAL) | D17: ='Building Works'!F538 -> 0
A19: BILL NO.4 | B19: MASONRY | D19: ='Building Works'!F666 -> 0
A21: BILL NO.5 | B21: WATERPROOFING | D21: ='Building Works'!F722 -> 0
A23: BILL NO.6 | B23: ROOF COVERINGS | D23: ='Building Works'!F782 -> 0
A25: BILL NO.7 | B25: CARPENTRY AND JOINERY | D25: ='Building Works'!F902 -> 0
A27: BILL NO.8 | B27: CEILINGS, PARTITIONS AND ACCESS FLOORING | D27: ='Building Works'!F993 -> 0
A29: BILL NO.9 | B29: FLOOR COVERINGS | D29: ='Building Works'!F1018 -> 0
A31: BILL NO.10 | B31: IRONMONGERY | D31: ='Building Works'!F1039 -> 0
A33: BILL NO.11 | B33: BLINDS | D33: ='Building Works'!F1047 -> 0
A35: BILL NO.12 | B35: METALWORK | D35: ='Building Works'!F1134 -> 0
A37: BILL NO.13 | B37: PLASTERING | D37: ='Building Works'!F1188 -> 0
A39: BILL NO.14 | B39: TILING | D39: ='Building Works'!F1266 -> 0
A41: BILL NO.15 | B41: GLAZING | D41: ='Building Works'!F1348 -> 0
A43: BILL NO.16 | B43: PAINTWORK | D43: ='Building Works'!F1453 -> 0
A45: BILL NO.17 | B45: PLUMBING | D45: ='Building Works'!F1491 -> 0
A47: SECTION 3 | B47: EXTERNAL WORKS | D47: ='EXTERNAL WORKS'!F257 -> 0
A49: SECTION 4 | B49: LABOUR RATES | D49: ='LABOUR RATES'!F152 -> 0
B52: SUB-TOTAL | D52: =SUM(D9:D51) -> 0

Sheet P&Gs
C2: TRANSMISSION REAL ESTATE GENERAL BUILDING MAINTENANCE (NORTH-EAST GRID, MPUMALANGA)
A6: SECTION NO. 1: PRELIMINARY AND GENERAL
A8: ITEM NO. | B8: DESCRIPTION | C8: UNIT | D8: QUANTITY | E8: RATE | F8: AMOUNT
B10: FIXED CHARGE ITEMS
B11: Site Establishment:
A13: 1 | B13: Storage for Materials | C13: Sum | D13: 1 | F13: =+IF($D13="","",IF($D13=0,"rate only",$D13*(E13))) -> 0
A15: 2 | B15: Sanitation (Portable Toilets) | C15: Sum | D15: 1 | F15: =+IF($D15="","",IF($D15=0,"rate only",$D15*(E15))) -> 0
A17: 3 | B17: Electricity (Temporary if no Electricity Available on Site) | C17: Sum | D17: 1 | F17: =+IF($D17="","",IF($D17=0,"rate only",$D17*(E17))) -> 0
B19: Sign Board Labour
A21: 4 | B21: Contractor shall erect on site, maintain throughout the construction duration | C21: Sum | D21: 1 | F21: =+IF($D21="","",IF($D21=0,"rate only",$D21*(E21))) -> 0
B23: Safety & Health, Environmental and Quality requirements
A25: 5 | B25: Safety requirements and compliance (Specify) | C25: Sum | D25: 1 | F25: =+IF($D25="","",IF($D25=0,"rate only",$D25*(E25))) -> 0
B27: Personal Protective Clothing/Equipment
A29: 6 | B29: Personal Protective Clothing/Equipment & ensure use thereof for full compliance with company logo | C29: Sum | D29: 1 | F29: =+IF($D29="","",IF($D29=0,"rate only",$D29*(E29))) -> 0
B31: Sanitisers and Disinfectants
A33: 7 | B33: Sanitizer, with not less than 70% alcoholmust comply to WHO-recommended handrub formulations | C33: Litre | D33: 1 | F33: =+IF($D33="","",IF($D33=0,"rate only",$D33*(E33))) -> 0
B35: Accommodation
B37: Accommodation Allowance is for the Contractors Staff excluding the casual labourers which are assumed to be residing in the area where the works are executed. To be pre approved by Service Manager
A39: 15 | B39: Per person payment where round trip is exceeding 500km (3 star or equivalent) | C39: per night | D39: 1 | F39: =+IF($D39="","",IF($D39=0,"rate only",$D39*(E39))) -> 0
B41: Transport
B43: Transport of resources to and from site will be done in terms of OHS Act (T). The cost to the Contractor to provide safe transport for his employees should be in terms of the Construction Regulations Clause 21 (2) (a) and (i) & adhere to Eskom Life Saving rules. The transport rates includes for both the fixed and running cost components. Tracker records to be provided as proof of km's travelled. Transport Distance to be Measured from Local Eskom office - to Site and Return. Distances specified on Annexure A Tab
A45: 16 | B45: LDV 4X2 | C45: km | D45: 1 | F45: =+IF($D45="","",IF($D45=0,"rate only",$D45*(E45))) -> 0
A47: 17 | B47: LDV 4X4 | C47: km | D47: 1 | F47: =+IF($D47="","",IF($D47=0,"rate only",$D47*(E47))) -> 0
A49: 18 | B49: Mini-bus 13 Seater | C49: km | D49: 1 | F49: =+IF($D49="","",IF($D49=0,"rate only",$D49*(E49))) -> 0
A51: 19 | B51: Mini-bus 23 Seater | C51: km | D51: 1 | F51: =+IF($D51="","",IF($D51=0,"rate only",$D51*(E51))) -> 0
A53: 20 | B53: 2-4 Ton Truck | C53: km | D53: 1 | F53: =+IF($D53="","",IF($D53=0,"rate only",$D53*(E53))) -> 0
A55: 21 | B55: 8 Ton Truck | C55: km | D55: 1 | F55: =+IF($D55="","",IF($D55=0,"rate only",$D55*(E55))) -> 0
A57: 22 | B57: 8 Ton Truck with Crane | C57: km | D57: 1 | F57: =+IF($D57="","",IF($D57=0,"rate only",$D57*(E57))) -> 0
B59: Sub-Total | F59: =SUM(F11:F57) -> 0

Sheet Building Works
C2: TRANSMISSION REAL ESTATE GENERAL BUILDING MAINTENANCE (NORTH-EAST GRID, MPUMALANGA)
A5: SECTION NO. 2 : BUILDING WORKS
A7: ITEM NO. | B7: DESCRIPTION | C7: UNIT | D7: QUANTITY | E7: RATE | F7: AMOUNT
B9: PRICING OF RATES
B11: All rates inserted in the Pricelist shall cover all costs, charges and profit that may be considd necessary for the carrying out and observance for the provisions of these "Preambles to all Trades".
B13: The Tenderer shall insert the amount required against each item which he wishes to price and not insert a lump sum covering a series of items. Only such priced items shall be considd in respect of any adjustment to the Contract Sum. Items left unpriced will be understood to be covd in the rates for other items throughout these Pricelist.
B15: The Tenderer must refer to the Schedule of Rates Pricelistand ensure the required skill profile for this Pricelistis utilised when carrying out works on site. Tenderers must make due allowance for this in their rates and no claims will be entertained in this regard after contract award.
B17: Overtime work and normal work:
B19: The Tenderers are advised that the following works may be done during normal working hours as well as after normal working hours. Tenderers must make due allowance for these working hours in the pricing as no claims will be entertained in this regard.
B21: NO.1 : ALTERATIONS
B23: SUPPLEMENTARY PREAMBLES:
B25: The breaking down and demolition of existing block walls, hacking off existing plaster, etc. is to be executed with care so as to prevent damage to remaining floor and wall surface and finishes. The contractor must allow for any necessary protection of the existing surfaces as may be necessary.
B26: w
B27: Particular care is required to protect the existing timber doors, door frames, and windows. Repairing any existing work will be for the contractor's account.
B29: The rates for breaking down and removal of brick walls is deemed to include for plaster finishes on walls.
... B66: Temporary barriers, screens, etc. including removal:
A68: B1.1 | B68: Dust screen 2.7m high between concrete floor and ceiling formed of suitable timber framing with 250 micron polyethylene sheeting stapled or nailed on, including corners, ends, etc. | C68: m | D68: 1 | F68: =+IF($D68="","",IF($D68=0,"rate only",$D68*(E68))) -> 0
A70: B1.2 | B70: Drywall barrier, 2.7m high formed of timber studs and rails covd on one side with 12.7mm gypsum board panels and finishes with two coats interior quality PVA paint on one side, including corners, ends, etc. | C70: m | D70: 1 | F70: =+IF($D70="","",IF($D70=0,"rate only",$D70*(E70))) -> 0
B73: REMOVAL OF EXISTING CONCRETE WORK
B75: Break up, removing mass concrete including cart away
A77: B1.3 | B77: Surface beds, slabs, etc. | C77: m³ | D77: 1 | F77: =+IF($D77="","",IF($D77=0,"rate only",$D77*(E77))) -> 0
A79: B1.4 | B79: Strip footings, bases, etc. | C79: m³ | D79: 1 | F79: =+IF($D79="","",IF($D79=0,"rate only",$D79*(E79))) -> 0
B81: Break up and removing reinforced concrete including cutting off and removing reinforcement including cart away:
A83: B1.5 | B83: Surface beds, slabs, beams, stairs and landings, columns, ramps, etc. | C83: m³ | D83: 1 | F83: =+IF($D83="","",IF($D83=0,"rate only",$D83*(E83))) -> 0
B86: CUTTING THROUGH FLOORS AND CEILING
A88: B1.6 | B88: Cutting through 100mm thick mesh reinforced concrete apron slab as necessary for installation of new 110mm diameter sewer drain pipe including making good concrete | C88: m | D88: 1 | F88: =+IF($D88="","",IF($D88=0,"rate only",$D88*(E88))) -> 0
A90: B1.7 | B90: Cutting through 100mm thick mesh reinforcement concrete surface bed for 500mm wide concrete wall footing including making good concrete on both sides of new half brick wall | C90: m | D90: 1 | F90: =+IF($D90="","",IF($D90=0,"rate only",$D90*(E90))) -> 0
B92: Repair to cracks in concrete floors:
A94: B1.8 | B94: Cut out crack in concrete floor 10mm wide x 25mm deep, wh instructed with square edges, clean out and fill with Pro-Strict 524'' epoxy mortar or similar approved. | C94: m | D94: 1 | F94: =+IF($D94="","",IF($D94=0,"rate only",$D94*(E94))) -> 0
B97: PREPARATORY WORK TO EXISTING CONCRETE SURFACES
B99: Preparation to existing vertical surfaces:
A101: B1.9 | B101: Hack face of existing concrete columns, beams, etc. to receive plaster (elsewh measured). | C101: m² | D101: 1 | F101: =+IF($D101="","",IF($D101=0,"rate only",$D101*(E101))) -> 0
B103: REMOVAL OF EXISTING BRICKWORK
B105: Breaking down and removing brickwork etc including cart away.:
A107: B1.10 | B107: Half brick walls. | C107: m² | D107: 1 | F107: =+IF($D107="","",IF($D107=0,"rate only",$D107*(E107))) -> 0
A109: B1.11 | B109: One brick walls. | C109: m² | D109: 1 | F109: =+IF($D109="","",IF($D109=0,"rate only",$D109*(E109))) -> 0
B111: Hacking up/off and removing granolithic screed, plaster, etc., from concrete or brickwork and prepare surfaces, for new screed, plaster etc. including cart away
A113: B1.12 | B113: Hack up/off and remove existing screed from floors (new screed elm) | C113: m² | D113: 1 | F113: =+IF($D113="","",IF($D113=0,"rate only",$D113*(E113))) -> 0
A115: B1.13 | B115: Hack up/off and remove existing plaster from walls (new plaster elsewh measured) | C115: m² | D115: 1 | F115: =+IF($D115="","",IF($D115=0,"rate only",$D115*(E115))) -> 0
B118: REMOVAL OF EXISTING CEILINGS, PARTITIONING AND FLOORING
B120: Taking down and removing ceiling, partitioning, and flooring etc. including cart away
A122: B1.14 | B122: Gypsum plasterboard or fibre cement ceilings including cornices, cover strips, timber rendering, etc. | C122: m² | D122: 1 | F122: =+IF($D122="","",IF($D122=0,"rate only",$D122*(E122))) -> 0
A124: B1.15 | B124: Acoustic tile suspended ceiling including suspension grid, hangers, etc. | C124: m² | D124: 1 | F124: =+IF($D124="","",IF($D124=0,"rate only",$D124*(E124))) -> 0
A126: B1.16 | B126: Drywall boarding and studwork, including doors, ironmongery, windows, etc. | C126: m² | D126: 1 | F126: =+IF($D126="","",IF($D126=0,"rate only",$D126*(E126))) -> 0
A128: B1.17 | B128: 19 x 44mm Timber cornice and prepare surface to receive new (elsewh measured). | C128: m | D128: 1 | F128: =+IF($D128="","",IF($D128=0,"rate only",$D128*(E128))) -> 0
B131: PLASTER CRACK REPAIRS
B133: Repairs to cracks in existing plaster
A135: B1.18 | B135: Cut out plaster at crack on vertical wall or beam face for full depth and minimum 5mm to maximum 10mm wide, prepare and fill with ''Sikacryl'' or other approved acrylic sealant to finish flush. | C135: m | D135: 1 | F135: =+IF($D135="","",IF($D135=0,"rate only",$D135*(E135))) -> 0
A137: B1.19 | B137: Chase out cracks in top of surface bed to form groove 100mm wide and 50mm deep and fill with 1:4 cement mortar, including finishing smooth with a steel trowel to match existing level. | C137: m | D137: 1 | F137: =+IF($D137="","",IF($D137=0,"rate only",$D137*(E137))) -> 0
B139: REMOVAL OF EXISTING FLOOR COVERINGS
B141: Taking up and removing vinyl floor coverings, carpeting, suspended floor etc. including cart away:
A143: B1.20 | B143: Carpet tile floor covering including preparing screed for new floor finish | C143: m² | D143: 1 | F143: =+IF($D143="","",IF($D143=0,"rate only",$D143*(E143))) -> 0
B146: REMOVAL OF EXISTING TILING
B148: Hacking up/off and removing tiled floor and wall finishes including removing mortar bed or backing and preparing concrete or brick surfaces for new finishes (elsewh measured). including cart away:
A150: B1.21 | B150: 30mm thick Ceramic tiles and plaster to walls . | C150: m² | D150: 1 | F150: =+IF($D150="","",IF($D150=0,"rate only",$D150*(E150))) -> 0
A152: B1.22 | B152: 30mm thick Ceramic wall tiles from timber or drywall cladding | C152: m² | D152: 1 | F152: =+IF($D152="","",IF($D152=0,"rate only",$D152*(E152))) -> 0
A154: B1.23 | B154: 30mm thick Ceramic tiles and screed to floors | C154: m² | D154: 1 | F154: =+IF($D154="","",IF($D154=0,"rate only",$D154*(E154))) -> 0
A156: B1.24 | B156: 30mm thick Ceramic tiles and screed to treads and risers of stairs | C156: m² | D156: 1 | F156: =+IF($D156="","",IF($D156=0,"rate only",$D156*(E156))) -> 0
A158: B1.25 | B158: 20mm thick Quarry tiles to floors. | C158: m² | D158: 1 | F158: =+IF($D158="","",IF($D158=0,"rate only",$D158*(E158))) -> 0
A160: B1.26 | B160: 25mm thick Slate paving to floors. | C160: m² | D160: 1 | F160: =+IF($D160="","",IF($D160=0,"rate only",$D160*(E160))) -> 0
A162: B1.27 | B162: Mosaic tiles and screed to floors | C162: m² | D162: 1 | F162: =+IF($D162="","",IF($D162=0,"rate only",$D162*(E162))) -> 0
A164: B1.28 | B164: Ceramic tile skirting's from wall | C164: m | D164: 1 | F164: =+IF($D164="","",IF($D164=0,"rate only",$D164*(E164))) -> 0
B167: REMOVAL OF EXISTING GLAZING
B169: Taking out and removing glass and mirrors including cart away:
A171: B1.29 | B171: Glass from steel windows including cleaning out rebates and preparing for new glass (elsewh measured) | C171: m² | D171: 1 | F171: =+IF($D171="","",IF($D171=0,"rate only",$D171*(E171))) -> 0
A173: B1.30 | B173: Glass from timber windows with beads including cleaning out rebates and preparing for new glass (elsewh measure) | C173: m² | D173: 1 | F173: =+IF($D173="","",IF($D173=0,"rate only",$D173*(E173))) -> 0
A175: B1.40 | B175: Glass from aluminium windows with beads including cleaning out rebates and preparing for new glass (elsewh measure) | C175: m² | D175: 1 | F175: =+IF($D175="","",IF($D175=0,"rate only",$D175*(E175))) -> 0
B177: Break out for and form opening through brick wall for door frame including precast or concrete lintels, making good plaster or facings on one or both sides, into reveals and 30mm grana thresholds with three readings, 100mm wide including cart away:
A179: B1.41 | B179: Opening for door not exceeding 2.5 m2 in half brick wall. | C179: No. | D179: 1 | F179: =+IF($D179="","",IF($D179=0,"rate only",$D179*(E179))) -> 0
A181: B1.42 | B181: Opening for door exceeding 2.5m2 and exceeding 5m2 in half brick wall. | C181: No. | D181: 1 | F181: =+IF($D181="","",IF($D181=0,"rate only",$D181*(E181))) -> 0
A183: B1.43 | B183: Opening for door exceeding 2.5m2 in one brick wall. | C183: No. | D183: 1 | F183: =+IF($D183="","",IF($D183=0,"rate only",$D183*(E183))) -> 0
A185: B1.44 | B185: Opening for door exceeding 2.5m2 and not exceeding 5m2 in one brick wall. | C185: No. | D185: 1 | F185: =+IF($D185="","",IF($D185=0,"rate only",$D185*(E185))) -> 0
B187: REMOVAL OF EXISTING DOORS, WINDOWS, ETC. FROM BRICKWORK
B189: Taking out and removing doors, windows, etc. from brickwork to be demolished including cart away:
A191: B1.45 | B191: Timber single door and frame not exceeding 2.5m2. | C191: No | D191: 1 | F191: =+IF($D191="","",IF($D191=0,"rate only",$D191*(E191))) -> 0
A193: B1.46 | B193: Aluminium single door and frame not exceeding 2.5m2. | C193: No | D193: 1 | F193: =+IF($D193="","",IF($D193=0,"rate only",$D193*(E193))) -> 0
A195: B1.47 | B195: Timber double door and frame exceeding 2.5m2 and not exceeding 5m2. | C195: No | D195: 1 | F195: =+IF($D195="","",IF($D195=0,"rate only",$D195*(E195))) -> 0
A197: B1.48 | B197: Aluminium double door and frame exceeding 2.5m2 and not exceeding 5m2. | C197: No | D197: 1 | F197: =+IF($D197="","",IF($D197=0,"rate only",$D197*(E197))) -> 0
B199: BUILDING UP OPENINGS
B201: Brickwork in NFP bricks in cement mortar in building up openings including plaster both sides:
A203: B1.49 | B203: Half brick walls. | C203: m² | D203: 1 | F203: =+IF($D203="","",IF($D203=0,"rate only",$D203*(E203))) -> 0
A205: B1.50 | B205: One brick walls. | C205: m² | D205: 1 | F205: =+IF($D205="","",IF($D205=0,"rate only",$D205*(E205))) -> 0
B207: REMOVE ASBESTOS CEMENT
B209: Note:
B211: All preparatory work, alterations, demolitions, etc. to existing asbestos cement roof sheeting, gutters, rainwater pipes, etc. is to be carried out strictly in accordance with statutory requirements (Occupational Health and Safety Act, 1993- Asbestos Regulations, 2001) and all necessary precautions must be taken when work with and disposing of asbestos cement products and the disposing of waste water resulting from cleaning operations, etc.
B212: Overtime work and normal work:
B214: The tenderers are advised that the following works may be done during normal working hours as well as after normal working hours. Tenderers must make due allowance for these working hours in the pricing as no claims will be entertained in this regard.
A216: B1.51 | B216: To remove asbestos roof sheets. | C216: m² | D216: 1 | F216: =+IF($D216="","",IF($D216=0,"rate only",$D216*(E216))) -> 0
A218: B1.52 | B218: To remove asbestos fascia, badge boards, | C218: m | D218: 1 | F218: =+IF($D218="","",IF($D218=0,"rate only",$D218*(E218))) -> 0
A220: B1.53 | B220: To remove asbestos downpipes . | C220: m | D220: 1 | F220: =+IF($D220="","",IF($D220=0,"rate only",$D220*(E220))) -> 0
A222: B1.54 | B222: To remove asbestos gutters | C222: m | D222: 1 | F222: =+IF($D222="","",IF($D222=0,"rate only",$D222*(E222))) -> 0
B224: PLUMBING AND DRAINAGE MAINTENANCE
B226: PRICING OF RATES
B228: All rates inserted in the Bills of Quantities shall cover all costs, charges and profit that may be considd necessary for the carrying out and observance for the provisions of these "Preambles to all Trades".
B230: The Tenderer shall insert the amount required against each item which he wishes to price and not insert a lump sum covering a series of items. Only such priced items shall be considd in respect of any adjustment to the Contract Sum. Items left unpriced will be understood to be covd in the rates for other items throughout these Bills of Quantities.
B232: The Tenderer must refer to the Schedule of Rates Pricelistand ensure the required skill profile for this Pricelistis utilised when carrying out works on site. Tenderers must make due allowance for this in their rates and no claims will be entertained in this regard after contract award.
B234: Overtime work and normal work:
B236: The Tenderers are advised that the following works may be done during normal working hours as well as after normal working hours. Tenderers must make due allowance for these working hours in the pricing as no claims will be entertained in this regard.
B238: MAINTENANCE OF EXISTING WATER SUPPLY AND FITTINGS
B240: Plumbing Maintenance
...

Sheet EXTERNAL WORKS
D2: TRANSMISSION REAL ESTATE GENERAL BUILDING MAINTENANCE (NORTH EAST GRID-MPUMALANGA)
A6: SECTION NO. 3 : EXTERNAL WORKS
A9: ITEM NO. | B9: SANS / DRAWING NUMBER | C9: DESCRIPTION | D9: UNIT | E9: QUANTITY | F9: RATE | G9: AMOUNT
C10: EARTHWORKS AND DRAINAGE
C11: Please Note: Contractor is to undertake site survey and quantity verification and price accordingly.
C12: Earthworks for Road and Yard Platforms
A14: 1 | B14: SANS 1200C | C14: Site Clearing | D14: m² | E14: 1 | G14: =+IF($E14="","",IF($E14=0,"rate only",$E14*(F14))) -> 0
B16: SANS 1200D | C16: Earthworks Please Note: Contractor is to undertake site survey and quantity verification and price accordingly. Contractor is price for all risks under this item, no compensation will be granted during the Construction stage should the quantities increase more than the stipulated amount in the Contractor's priced Pricelist.
A17: 2 | B17: 8.3.2 | C17: Extra over item 1.1.2 for excavation of boulders and hard rock (provisional). All rock and boulder holes to be verified by the Project Engineer prior to excavation. Note: Rate to include excavation, backfill and compaction. | D17: m3 | E17: 1 | G17: =+IF($E17="","",IF($E17=0,"rate only",$E17*(F17))) -> 0
A19: 3 | C19: Rock excavations using non explosive methods | D19: m3 | E19: 1 | G19: =+IF($E19="","",IF($E19=0,"rate only",$E19*(F19))) -> 0
A21: 4 | C21: Excavation of boulders | D21: m3 | E21: 1 | G21: =+IF($E21="","",IF($E21=0,"rate only",$E21*(F21))) -> 0
A23: 5 | B23: 8.3.2 | C23: Cut to spoil in all materials, measured in cut (provisional). To be stockpiled in an accessible position adjacent to the site. Stockpile to be separate from the "Topsoil" stockpile. Stockpile to be contained to prevent erosion as per the detailed specification. Stockpile soil to be used later as instructed by the Engineer and as per the detailed specification and drawings. | D23: m3 | E23: 1 | G23: =+IF($E23="","",IF($E23=0,"rate only",$E23*(F23))) -> 0
A25: 6 | B25: 8.3.4 | C25: Cut to fill and Compact to 90 % of modified AASHTO maximum density | D25: m3 | E25: 1 | G25: =+IF($E25="","",IF($E25=0,"rate only",$E25*(F25))) -> 0
A27: 7 | B27: 8.3.4 | C27: Borrow to fill (G9) and Compact to 90 % of modified AASHTO maximum density | D27: m3 | E27: 1 | G27: =+IF($E27="","",IF($E27=0,"rate only",$E27*(F27))) -> 0
C29: Ripping material in cut and fill areas to depth of 150mm and recompacting to 90% MOD AASHTO. | D29: m3 | E29: 1 | G29: =+IF($E29="","",IF($E29=0,"rate only",$E29*(F29))) -> 0
A31: 8 | C31: Ripping material in cut and fill areas to depth of 150mm and recompacting to 93% MOD AASHTO (with G9 in-situ material). | D31: m3 | E31: 1 | G31: =+IF($E31="","",IF($E31=0,"rate only",$E31*(F31))) -> 0
A33: 9 | C33: Concrete and brick work required for the Oil Dam (incl. Manhole and 300mm diameter concrete pipe with collars, spigots, sockets, outlet pipe clamps, steel reinforcement, etc.) - Complete. | D33: No | E33: 1 | G33: =+IF($E33="","",IF($E33=0,"rate only",$E33*(F33))) -> 0
C35: STORMWATER DRAIN COVERS
A37: 10 | C37: 230 x 230mm Steel cover plate | D37: No | E37: 1 | G37: =+IF($E37="","",IF($E37=0,"rate only",$E37*(F37))) -> 0
A39: 11 | C39: 1000 x 230mm Steel cover plate | D39: No | E39: 1 | G39: =+IF($E39="","",IF($E39=0,"rate only",$E39*(F39))) -> 0
C41: GABION BASKETS / RENO MATRASSES AND STONES
C43: Refer to SANS 1580 type 80 2001
A45: 12 | C45: Concrete blinding layer 25Mpa/ 100mm thick with 6mm brc mesh | D45: m² | E45: 1 | G45: =+IF($E45="","",IF($E45=0,"rate only",$E45*(F45))) -> 0
A47: 13 | C47: Supply and fill Gabion stones | D47: m³ | E47: 1 | G47: =+IF($E47="","",IF($E47=0,"rate only",$E47*(F47))) -> 0
C49: GABION BASKETS
C51: L x W x H (V)in cubi meters
A53: 14 | C53: 1 x 1 x 0.5 (0.5m³) | D53: No | E53: 1 | G53: =+IF($E53="","",IF($E53=0,"rate only",$E53*(F53))) -> 0
A55: 15 | C55: 2 x 1 x 0.5 (1m³) | D55: No | E55: 1 | G55: =+IF($E55="","",IF($E55=0,"rate only",$E55*(F55))) -> 0
A57: 16 | C57: 3 x 1 x 0.5 (1.5m³) | D57: No | E57: 1 | G57: =+IF($E57="","",IF($E57=0,"rate only",$E57*(F57))) -> 0
A59: 17 | C59: 4 x 1 x 0.5 (2m³) | D59: No | E59: 1 | G59: =+IF($E59="","",IF($E59=0,"rate only",$E59*(F59))) -> 0
A61: 18 | C61: 1.5 x 1 x 1 (1.5m³) | D61: No | E61: 1 | G61: =+IF($E61="","",IF($E61=0,"rate only",$E61*(F61))) -> 0
A63: 19 | C63: 1 x 1 x 1 (1m³) | D63: No | E63: 1 | G63: =+IF($E63="","",IF($E63=0,"rate only",$E63*(F63))) -> 0
A65: 20 | C65: 2 x 1 x 1 (2m³) | D65: No | E65: 1 | G65: =+IF($E65="","",IF($E65=0,"rate only",$E65*(F65))) -> 0
A67: 21 | C67: 3 x 1 x 1 (3m³) | D67: No | E67: 1 | G67: =+IF($E67="","",IF($E67=0,"rate only",$E67*(F67))) -> 0
A69: 22 | C69: 4 x 1 x 1 (4m³) | D69: No | E69: 1 | G69: =+IF($E69="","",IF($E69=0,"rate only",$E69*(F69))) -> 0
A71: 23 | C71: 2 × 0.5 × 0.5 (0.5m³) | D71: No | E71: 1 | G71: =+IF($E71="","",IF($E71=0,"rate only",$E71*(F71))) -> 0
A73: 24 | C73: Supply and fill Reno matress | D73: m³ | E73: 1 | G73: =+IF($E73="","",IF($E73=0,"rate only",$E73*(F73))) -> 0
C75: L x W x H (V)in cubi meters
A77: 25 | C77: 2 x 1 x 0.3 (0.6m³) | D77: No | E77: 1 | G77: =+IF($E77="","",IF($E77=0,"rate only",$E77*(F77))) -> 0
A79: 26 | C79: 3 x 1 x 0.3 (0.9m³) | D79: No | E79: 1 | G79: =+IF($E79="","",IF($E79=0,"rate only",$E79*(F79))) -> 0
A81: 27 | C81: 4 x 1 x 0.3 (1.2m³) | D81: No | E81: 1 | G81: =+IF($E81="","",IF($E81=0,"rate only",$E81*(F81))) -> 0
A83: 28 | C83: 6 x 2 x 0.17 (2.04m³) | D83: No | E83: 1 | G83: =+IF($E83="","",IF($E83=0,"rate only",$E83*(F83))) -> 0
A85: 29 | C85: 6 x 2 x 0.23 (2.76m³) | D85: No | E85: 1 | G85: =+IF($E85="","",IF($E85=0,"rate only",$E85*(F85))) -> 0
A87: 30 | C87: 6 x 2 x 0.30 (3.60m³) | D87: No | E87: 1 | G87: =+IF($E87="","",IF($E87=0,"rate only",$E87*(F87))) -> 0
C89: INTERLOCKING BLOCK RETAINING STRUCTURES
C92: "Loffelstein" precast concrete interlocking planter blocks
C93: finished smooth on exposed surfaces
C96: "Loffelstein" planter blocks are available in various sizes
C97: and in "standard" and "heavy duty" in each size. Type is
C98: dependent mainly of wall and soil conditions
A100: 31 | C100: Retaining structure with stepped face and curves as required to suit slopes of 500 x 450 x 170mm high type L300 interlocking planter blocks laid horizontal bed joints to a certain degree slope including backfilling with earth obtained from the excavations and filling the blocks with garden soil lightly tamped as the work proceeds joints to a certain degree slope including backfilling with earth obtained from excavations and filling the blocks with garden soil lightly tamped as the work proceeds | D100: m² | E100: 1 | G100: =+IF($E100="","",IF($E100=0,"rate only",$E100*(F100))) -> 0
C102: ROADWORKS
C104: PREAMBLES
C106: The Tenderer is referred to the relevant clauses in the latest edition of the Model Preambles for Trades and to the Supplementary Preambles
C108: SUPPLEMENTARY PREAMBLES
C110: Items, materials or methods to be used to be specified by trade names or catalogue numbers are only an indication of the quality required. Items, materials or methods of similar quality may be used with prior approval from the Eskom Service Manager/ Supervisorl.
C112: Work described as 'remove' or 'removed' shall be expeditiously, permanently removed from the site.
C114: The Tenderer must acquaint himself with the nature of material to be excavated.
C116: Descriptions for excavations shall be deemed to include all ground conditions classifiable as 'earth' described in the above report and wh conditions of a more difficult character are indicated these will be separately measured.
C118: The Contractor is to submit a detailed method statement to the Engineer for approval prior to undertaking this work.
C120: Filling in accordance with SANS 1200 DM, to be supplied by Contractor:
A122: 32 | C122: G7 material compacted to 95% Mod AASHTO density (overall thickness 150mm). | D122: m³ | E122: 1 | G122: =+IF($E122="","",IF($E122=0,"rate only",$E122*(F122))) -> 0
A124: 33 | C124: G5 material compacted to 95% Mod AASHTO density (overall thickness 150mm) | D124: m³ | E124: 1 | G124: =+IF($E124="","",IF($E124=0,"rate only",$E124*(F124))) -> 0
A126: 34 | C126: G4 material compacted to 95% Mod AASHTO density (overall thickness 150mm). | D126: m³ | E126: 1 | G126: =+IF($E126="","",IF($E126=0,"rate only",$E126*(F126))) -> 0
A128: 35 | C128: G2 material compacted to 95% Mod AASHTO density (overall thickness 150mm) | D128: m³ | E128: 1 | G128: =+IF($E128="","",IF($E128=0,"rate only",$E128*(F128))) -> 0
C130: 19mm Washed concrete stone (overall thickness 40mm). | D130: m³ | E130: 1 | G130: =+IF($E130="","",IF($E130=0,"rate only",$E130*(F130))) -> 0
A132: 36 | C132: Filling in accordance with SANS 1200 ME, to be supplied by Contractor:
A134: 37 | C134: G4 sub base, stabilized with 3% cement to attain UCS 0.75 - 1.5 MPa after seven days and compacted to 97% Mod AASHTO density. (overall thickness 150mm). | D134: m³ | E134: 1 | G134: =+IF($E134="","",IF($E134=0,"rate only",$E134*(F134))) -> 0
C136: C4 sub base, stabilized with 3,5% cement to attain UCS 0.75 - 1.5 MPa after seven days and compacted to 96% Mod AASHTO density (Roadways) | D136: m³ | E136: 1 | G136: =+IF($E136="","",IF($E136=0,"rate only",$E136*(F136))) -> 0
C138: Surface Preparation:
A140: 38 | C140: Trim and level off surface of ground (excavated under this Contract) to receive stone beds, including excavating or filling, ripping and scarifying as necessary and compacting the whole area for a depth of 150mm to a density of at least 93% Mod. AASHTO maximum density, to falls to maximum final slope of 1%. | D140: m² | E140: 1 | G140: =+IF($E140="","",IF($E140=0,"rate only",$E140*(F140))) -> 0
C142: Compaction of surfaces
A144: 39 | C144: Compaction of ground surface under roadway paving including scarifying for a depth of 300mm in two 150mm layers, breaking down oversize material, adding suitable material wh necessary and compacting to 93% Mod AASHTO density | D144: m² | E144: 1 | G144: =+IF($E144="","",IF($E144=0,"rate only",$E144*(F144))) -> 0
C146: Bituminous premix road surfacing, by approved asphalting specialist, at municipal entrance:
A148: 40 | C148: Sealer coat of cutback bitumen spread over base course at the rate of 0,7 litre per m2. | D148: m² | E148: 1 | G148: =+IF($E148="","",IF($E148=0,"rate only",$E148*(F148))) -> 0
A150: 41 | C150: 60mm Medium mix asphalt to roads | D150: m² | E150: 1 | G150: =+IF($E150="","",IF($E150=0,"rate only",$E150*(F150))) -> 0
A152: 42 | C152: 40mm Medium mix asphalt to roads | D152: m² | E152: 1 | G152: =+IF($E152="","",IF($E152=0,"rate only",$E152*(F152))) -> 0
C154: BOND AND INTERLOCKING CONCRETE BLOCK PAVERS
C156: Precast concrete block road surfacing:
C158: Block paving to be manufactured in accordance with SANS 1058
C160: Paving is to be laid in accordance with SANS 1200 MJ, SANS 1058 and the Concrete Manufacturer's Association Specifications.
C162: Paving to be installed with a minimum longitudinal fall of 1% and a transverse fall of at least 2%
C164: Paving is to be laid to herringbone pattern on 25mm (thickness after final compaction) clean river sand (preparation of ground or filling elsewh)
C166: Clean sand is to be swept into joints between roadstones
C168: Paving must be resanded three months after laying.
C170: 80mm thick SANS 1058 type S-A (heavy duty G-block) as 'Infraset G-Blok' or other approved 35MPa Grey concrete interlocking paving blocks laid with butt joints on and including 25mm thick river sand bed with dry sand swept and vibrated into joints all laid on subgrade (elsewh measured) conforming to SANS 1200D degree of accuracy I:
A172: 43 | C172: Paving in herringbone bond to roads,yards,parking areas to falls, side walks and pathways. | D172: m² | E172: 1 | G172: =+IF($E172="","",IF($E172=0,"rate only",$E172*(F172))) -> 0
C174: 60mm thick SANS 1058 type S-A (heavy duty G-block) as 'Infraset G-Blok' 30MPa Grey concrete interlocking paving blocks laid with butt joints on and including 20mm thick river sand bed with dry sand swept and vibrated into joints all laid on subgrade (elsewh measured) conforming to SANS 1200D degree of accuracy I.
A176: 44 | C176: Paving to roads, yards, side walks and pathways | D176: m² | E176: 1 | G176: =+IF($E176="","",IF($E176=0,"rate only",$E176*(F176))) -> 0
C178: PRECAST CONCRETE
C180: User note:
C182: The following precast concrete paving descriptions are only to
C183: be used when paving slabs etc are purpose made to detailed
C184: specifications and other than those available ex stock
C186: Slab paving of 500 x 500 x 50mm precast concrete slabs
C187: with pattened finish laid on 50mm thick river sand bed
C188: including preparation of ground or filling
A190: 45 | C190: Paving laid with butt joints | D190: m² | E190: 1 | G190: =+IF($E190="","",IF($E190=0,"rate only",$E190*(F190))) -> 0
A192: 46 | C192: Paving laid with butt joints to falls | D192: m² | E192: 1 | G192: =+IF($E192="","",IF($E192=0,"rate only",$E192*(F192))) -> 0
C194: SOIL POISONING:
...

Sheet LABOUR RATES
F1: TRANSMISSION REAL ESTATE GENERAL BUILDING MAINTENANCE (NORTH EAST GRID-MPUMALANGA)
A5: SECTION 4: SCHEDULE OF RATES
A7: ITEM NO. | B7: DESCRIPTION | C7: UNIT | D7: QUANTITY | E7: RATE | F7: AMOUNT
B10: These rates will be applicable to the relevant type of works and Price list.
B11: The following are the required skills per trade that the Contractor will be required to possess to carry out works on this contract.
B13: SKILLED - ELECTRICAL
B15: Qualification -Trade test by accredited trade facility
B17: Work Experience -Electrician's experience (min 5 years) -Commercial, Industrial and or Residential buildings, after been qualified as Electrician.
B19: SKILLED - AIRCON TECHNICIAN
B21: Qualifications - Trade test certificate for Air Conditioning and Certificates from Manufacturers ie.from Daiken/Mitsubishi/Carrier/Samsung/LG
B23: Work Experience - experience (min 5 years) in Building HVAC and domestic airconditioning in Commercial, Industrial and Residential Buildings Certificates from Manufacturers i.e from Daiken/Mitsubishi/Carrier/Samsung/LG
B25: SKILLED - PLUMBER
B27: Qualification - Plumbing Apprentice Qualification by accredited facility
B29: Work Experience - experience (min 3 years) in Industrial and Residential plumbing
B31: SKILLED ARTISAN - (Building/civil/general maintenance)
... B67: Prior written approval must be received from the Eskom Transmission Service Manager/ Supervisor prior to commencement of any works.
A70: 1 | B70: Civil Engineering inspections and reports by professional Engineer as and when required | C70: Hr | D70: 1 | F70: =+IF($D70="","",IF($D70=0,"rate only",$D70*(E70))) -> 0
A72: 2 | B72: Architectural inspections and reports by Professional Architect as and when required | C72: Hr | D72: 1 | F72: =+IF($D72="","",IF($D72=0,"rate only",$D72*(E72))) -> 0
A74: 3 | B74: Electrical inspections and reports by Professional Electrical Engineer as and when required | C74: Hr | D74: 1 | F74: =+IF($D74="","",IF($D74=0,"rate only",$D74*(E74))) -> 0
A76: 4 | B76: Mechanical Engineering inspections and reports by Professional Mechanical Engineer as and when required | C76: Hr | D76: 1 | F76: =+IF($D76="","",IF($D76=0,"rate only",$D76*(E76))) -> 0
A78: 5 | B78: Structural l Engineering inspections and reports by professional Engineer as and when required | C78: Hr | D78: 1 | F78: =+IF($D78="","",IF($D78=0,"rate only",$D78*(E78))) -> 0
B81: Work to be done from Monday to Friday between 7:30am and 4pm:
A83: 6 | B83: Skilled - Electrical | C83: Hr | D83: 1 | F83: =+IF($D83="","",IF($D83=0,"rate only",$D83*(E83))) -> 0
A85: 7 | B85: Skilled Artisan- Building/ Civil / Alterations works | C85: Hr | D85: 1 | F85: =+IF($D85="","",IF($D85=0,"rate only",$D85*(E85))) -> 0
A87: 8 | B87: Skilled - Plumbing | C87: Hr | D87: 1 | F87: =+IF($D87="","",IF($D87=0,"rate only",$D87*(E87))) -> 0
A89: 9 | B89: Electrical Assistant | C89: Hr | D89: 1 | F89: =+IF($D89="","",IF($D89=0,"rate only",$D89*(E89))) -> 0
A91: 10 | B91: Artisan Assistant- Building /Civil /Alterations works | C91: Hr | D91: 1 | F91: =+IF($D91="","",IF($D91=0,"rate only",$D91*(E91))) -> 0
A93: 11 | B93: Plumber Assistant | C93: Hr | D93: 1 | F93: =+IF($D93="","",IF($D93=0,"rate only",$D93*(E93))) -> 0
A95: 12 | B95: General worker - unskilled | C95: Hr | D95: 1 | F95: =+IF($D95="","",IF($D95=0,"rate only",$D95*(E95))) -> 0
A97: 13 | B97: Structural Engineer - Skilled | C97: Hr | D97: 1 | F97: =+IF($D97="","",IF($D97=0,"rate only",$D97*(E97))) -> 0
B100: Work to be done from after hours and Saturdays
A102: 14 | B102: Skilled - Electrical | C102: Hr | D102: 1 | F102: =+IF($D102="","",IF($D102=0,"rate only",$D102*(E102))) -> 0
A104: 15 | B104: Skilled Artisan- Building/ Civil / Alterations works | C104: Hr | D104: 1 | F104: =+IF($D104="","",IF($D104=0,"rate only",$D104*(E104))) -> 0
A106: 16 | B106: Skilled - Plumbing | C106: Hr | D106: 1 | F106: =+IF($D106="","",IF($D106=0,"rate only",$D106*(E106))) -> 0
A108: 17 | B108: Electrical Assistant | C108: Hr | D108: 1 | F108: =+IF($D108="","",IF($D108=0,"rate only",$D108*(E108))) -> 0
A110: 18 | B110: Artisan Assistant- Building /Civil /Alterations works | C110: Hr | D110: 1 | F110: =+IF($D110="","",IF($D110=0,"rate only",$D110*(E110))) -> 0
A112: 19 | B112: Plumber Assistant | C112: Hr | D112: 1 | F112: =+IF($D112="","",IF($D112=0,"rate only",$D112*(E112))) -> 0
A114: 20 | B114: General worker - unskilled | C114: Hr | D114: 1 | F114: =+IF($D114="","",IF($D114=0,"rate only",$D114*(E114))) -> 0
A116: 21 | B116: Structural Engineer - Skilled | C116: Hr | D116: 1 | F116: =+IF($D116="","",IF($D116=0,"rate only",$D116*(E116))) -> 0
B119: Work to be done on Sundays and Public Holidays
A121: 22 | B121: Skilled - Electrical | C121: Hr | D121: 1 | F121: =+IF($D121="","",IF($D121=0,"rate only",$D121*(E121))) -> 0
A123: 23 | B123: Skilled Artisan- Building/ Civil / Alterations works | C123: Hr | D123: 1 | F123: =+IF($D123="","",IF($D123=0,"rate only",$D123*(E123))) -> 0
A125: 24 | B125: Skilled - Plumbing | C125: Hr | D125: 1 | F125: =+IF($D125="","",IF($D125=0,"rate only",$D125*(E125))) -> 0
A127: 25 | B127: Electrical Assistant | C127: Hr | D127: 1 | F127: =+IF($D127="","",IF($D127=0,"rate only",$D127*(E127))) -> 0
A129: 26 | B129: Artisan Assistant- Building /Civil /Alterations works | C129: Hr | D129: 1 | F129: =+IF($D129="","",IF($D129=0,"rate only",$D129*(E129))) -> 0
A131: 27 | B131: Plumber Assistant | C131: Hr | D131: 1 | F131: =+IF($D131="","",IF($D131=0,"rate only",$D131*(E131))) -> 0
A133: 28 | B133: General worker - unskilled | C133: Hr | D133: 1 | F133: =+IF($D133="","",IF($D133=0,"rate only",$D133*(E133))) -> 0
A135: 29 | B135: Structural Engineer - Skilled | C135: Hr | D135: 1 | F135: =+IF($D135="","",IF($D135=0,"rate only",$D135*(E135))) -> 0
B138: Materials
B139: Note : The Contractor must be able to produce material back-up (ie. Receipts, quotes, etc) when requested by the Employer.
A141: 30 | B141: Percentage Mark Up = | C141: Percentage
B144: Subcontract
B146: The Contractor will be required to provide quotations when the need arises, for the approval of Eskom. Eskom has the right to reject quotations and do its own market research,should Contractors quotations not be acceptable to Eskom. The Contractor will then be required to appoint the selected Supplier /sub contractor based on Eskom's recommendations.
B148: The Contractor is not allowed to claim P&G % on work that is sub-contracted for non bill items, only the percentage mark-up can be claimed.
A150: 32 | B150: Percent mark up (profit and attendance) on sub-contracted works. | C150: Percentage | D150: 1
B152: Sub-Total | F152: =SUM(F70:F150) -> 0
